 Dungeon Crawl Stone Soup version 0.31-a0-1066-g35875b34c7 (webtiles) character file.

Game seed: 9314424332515726634

156 poop the Cudgeller (level 5, 0/46 HPs)
             Began as a Minotaur Gladiator on Nov 22, 2023.
             Shot with an arrow by a centaur (7 damage)
             ... on level 4 of the Dungeon.
             The game lasted 00:20:24 (2566 turns).

poop the Cudgeller (Minotaur Gladiator)             Turns: 2566, Time: 00:20:24

Health: 0/46       AC:  7    Str: 21    XL:     5   Next: 15%
Magic:  4/4        EV: 11    Int:  5    God:
Gold:   112        SH:  0    Dex: 11    Spells: 4/4 levels left

rFire   . . .        a - +0 flail
rCold   + . .        (no shield)
rNeg    . . .        n - +1 scale mail {rC+}
rPois   .            c - +0 hat
rElec   .            (no cloak)
rCorr   .            (no gloves)
SInv    .            (no boots)
Will    .....        (no amulet) Stlth
                     (no ring)
HPRegen 0.27/turn    (no ring)
MPRegen 0.09/turn

%: no passive effects
@: no status effects
A: horns 2, retaliatory headbutt
a: no special abilities


You were on level 4 of the Dungeon.
You visited 1 branch of the dungeon, and saw 4 of its levels.

You collected 112 gold pieces.

Inventory:

Hand Weapons
 a - a +0 flail (weapon)
 i - a +0 club
 k - a +0 hand axe
 l - a +0 dagger
 s - a +0 club
 u - a +0 club
 w - a +0 short sword
 x - a +0 dagger
 z - a +0 whip
 A - a +0 whip
 E - a +0 dagger
 F - a +0 flail
 I - a +0 short sword
 L - a +0 whip
Missiles
 d - 5 throwing nets (quivered)
 e - a javelin
 p - 45 stones
 C - 5 boomerangs
 K - 4 atropa-tipped darts
Armour
 b - a +0 leather armour
 c - a +0 hat (worn)
 f - a +0 leather armour
 g - a +0 robe
 n - a +1 scale mail of cold resistance (worn)
 q - a +0 scale mail
 v - a +0 leather armour
 y - a +0 ring mail
 D - a +0 chain mail
 N - a +0 ring mail
Jewellery
 G - a ring of positive energy
Scrolls
 h - 4 scrolls of identify {unknown}
 j - a scroll of silence {unknown}
 m - a scroll of fear {unknown}
 o - a scroll of immolation {unknown}
 B - a scroll of teleportation {unknown}
 M - a scroll of enchant weapon {unknown}
Potions
 r - a potion of lignification {unknown}
 t - a potion of haste {unknown}
 H - a potion of curing {unknown}
 J - a potion of mutation {unknown}


   Skills:
 + Level 3.8 Fighting
 + Level 5.4 Maces & Flails
 + Level 2.1 Throwing
 + Level 1.2 Armour
 + Level 4.1 Dodging


You had 4 spell levels left.
You didn't know any spells.
Your spell library contained the following spells:

 Spells                   Type           Power      Damage    Failure   Level
 Cigotuvi's Dreadful Rot  Necr/Pois/Air  0%         N/A       92%         2
 Ensorcelled Hibernation  Hex/Ice        0%         N/A       92%         2
 Jinxbite                 Hex            0%         N/A       92%         2
 Ignite Poison            Fire/Tmut/Pois 0%         N/A       99%         3
 Summon Guardian Golem    Hex/Summ       0%         N/A       99%         3
 Anguish                  Hex/Necr       0%         N/A       100%        4
 Freezing Cloud           Conj/Ice/Air   0%         6-21      100%        5
 Orb of Destruction       Conj           0%         9d5       100%        7
 Spellforged Servitor     Conj/Summ      0%         N/A       100%        7


Dungeon Overview and Level Annotations

Branches:
Dungeon (4/15)
 Temple: D:4-7

Altars:


Innate Abilities, Weirdness & Mutations

You have a pair of horns on your head.
You reflexively headbutt those who attack you in melee.


Message History

The centaur shoots an arrow.
The arrow hits you but does no damage.
You closely miss the ball python. You completely miss the centaur.
The centaur unwields a +0 shortbow.
The centaur barely misses you.
The centaur kicks you but does no damage.
You barely miss the centaur. You headbutt the centaur.
The centaur is lightly wounded.
The ball python bites you but does no damage.
The ball python barely misses you.
The centaur hits you but does no damage.
The centaur kicks you but does no damage.
The ball python barely misses you. x2
You hit the centaur.
The centaur is moderately wounded.
The centaur hits you but does no damage.
The centaur barely misses you. The centaur hits you.
The centaur kicks you but does no damage.
The ball python misses you. The ball python barely misses you.
You closely miss the centaur.
The centaur is moderately wounded.
The centaur barely misses you. The centaur kicks you.
The ball python bites you but does no damage.
The ball python barely misses you. The centaur hits you.
The centaur kicks you but does no damage.
You thump the centaur!
The centaur is severely wounded.
The centaur hits you but does no damage.
The centaur kicks you but does no damage.
The ball python barely misses you. The ball python closely misses you.
The centaur hits you. The centaur closely misses you.
The ball python bites you but does no damage.
The ball python closely misses you. The centaur attacks as it pursues you!
The centaur barely misses you. The centaur kicks you.
The centaur wields a +0 shortbow.
The centaur shoots an arrow.
The arrow hits you but does no damage.
The centaur shoots an arrow.
The arrow hits you!
* * * LOW HITPOINT WARNING * * *
The centaur shoots an arrow.
The arrow hits you!
You die...

##.......#.#
.........#.#
####......#.#
## ########.#
... ###.#
#..#######...#
#.....#...###
#......###
#....@##
##.##.# #.##.#
#..#c# #
##..S##
..##.....##
..........##
...........#
...........#


You could see a centaur and a ball python.

Vanquished Creatures
  Natasha (D:2)
  8 adders
  A worm (D:2)
  A dart slug (D:3)
  An orc (D:3)
  3 endoplasms
  4 giant cockroaches
  4 goblins
  9 hobgoblins
  5 jackals (D:1)
  3 ball pythons
  A bat (D:1)
  5 frilled lizards
  6 kobolds
  5 rats
57 creatures vanquished.

Notes
Turn   | Place    | Note
-------+----------+-------------------------------------------
     0 | D:1      | poop the Minotaur Gladiator began the quest for the Orb.
     0 | D:1      | Reached XP level 1. HP: 18/18 MP: 0/0
   310 | D:1      | Reached XP level 2. HP: 22/25 MP: 1/1
   373 | D:1      | Reached skill level 4 in Maces & Flails
  1031 | D:2      | Reached XP level 3. HP: 30/30 MP: 2/2
  1274 | D:2      | Noticed Natasha
  1287 | D:2      | Killed Natasha
  1288 | D:2      | Reached XP level 4. HP: 34/38 MP: 3/3
  1579 | D:2      | Reached skill level 1 in Armour
  1639 | D:3      | Reached skill level 5 in Maces & Flails
  2146 | D:3      | Reached XP level 5. HP: 46/46 MP: 4/4
  2547 | D:4      | Noticed a centaur
  2566 | D:4      | Shot with an arrow by a centaur

Illustrated notes

Levels and vault maps discovered:
D:1:      beargit_arrival_greenhouse, layout_basic,
          chequers_serial_rivers_micro_c
D:2:      layout_loops_ring, minmay_cut_off, uniq_natasha
D:3:      minmay_wonky_spiral, layout_rooms, dk_noncrumbling_4,
          serial_bayou_pond_c
D:4:      layout_rooms, kennysheep_generic_room_3

Skill      XL: |  1  2  3  4 |
---------------+-------------+-----
Maces & Flails | 4 5 |  5.4
Fighting       | 3 |  3.8
Armour         | 1 |  1.2
Dodging        | 4 |  4.1
Throwing       | |  2.1

Action                     |  1- 3 |  4- 6 || total
---------------------------+-------+-------++-------
  Melee: Flail             |    69 |    90 ||   159
         Headbutt          |    12 |    16 ||    28
 Armour: Leather armour    |    22 |       ||    22
         Robe              |    15 |       ||    15
         Scale mail        |     6 |    63 ||    69
  Dodge: Dodged            |    50 |    51 ||   101

Table legend: (Time is in decaauts)
 A = Elapsed time spent in this place.
 B = Non-inter-level travel time spent in this place.
 C = Inter-level travel time spent in this place.
 D = Time resting spent in this place.
 E = Time spent auto-exploring this place.
 F = Levels seen in this place.
 G = Mean time per level.
                   A        B        C        D        E       F      G
               +--------+--------+--------+--------+--------+-----+--------+
         Total |   2613 |   2374 |    239 |      0 |     82 |   4 |  653.2 |
       Dungeon |   2613 |   2374 |    239 |      0 |     82 |   4 |  653.2 |
               +--------+--------+--------+--------+--------+-----+--------+

Top non-repeatable levels by time:
     D:1: 991 daAuts
     D:2: 829 daAuts
     D:3: 672 daAuts
     D:4: 120 daAuts
